 Dungeon Crawl Stone Soup version 0.21-a0-2-ge494091 (webtiles) character file.

130 grindst0ne the Ruffian (level 4, -2/46 HPs)
             Began as a Troll Monk on May 21, 2017.
             Killed from afar by an electric eel (14 damage)
             ... with a bolt of electricity
             ... on level 4 of the Dungeon.
             The game lasted 00:03:57 (2634 turns).

grindst0ne the Ruffian (Troll Monk)                 Turns: 2634, Time: 00:03:58

Health: -2/46      AC:  5    Str: 20    XL:     4   Next: 90%
Magic:  3/3        EV: 10    Int:  6    God:
Gold:   237        SH:  0    Dex: 12    Spells: 3/3 levels left

rFire    . . .     SeeInvis .     - Unarmed
rCold    . . .     Gourm    +   (no shield)
rNeg     . . .     Faith    .   a - +0 robe
rPois    .         Spirit   .   (helmet restricted)
rElec    .         Reflect  .   (no cloak)
rCorr    .         Harm     .   (gloves unavailable)
MR       .....                  (boots unavailable)
Stlth    ++........             (no amulet)
Regen    0.6/turn               (no ring)
MPRegen  0.1/turn               (no ring)

@: no status effects
A: unfitting armour, claws 3, fast metabolism 3, gourmand, regeneration 1,
shaggy fur 1, tough skin 2
a: no special abilities


You were on level 4 of the Dungeon.
You were full.

You visited 1 branch of the dungeon, and saw 4 of its levels.

You collected 237 gold pieces.

Inventory:

Armour
 a - a +0 robe (worn)
Jewellery
 q - a cursed -2 ring of evasion {unknown}
Wands
 s - a wand of flame (12/48)
Scrolls
 c - 10 scrolls of identify {unknown}
 g - 2 scrolls of amnesia {unknown}
 h - a scroll of fear {unknown}
 i - 4 scrolls of teleportation {unknown}
 p - a scroll of noise {unknown}
 r - a scroll of immolation {unknown}
Potions
 d - 2 potions of curing {unknown}
 e - a potion of heal wounds {unknown}
 f - a potion of flight {unknown}
 m - a potion of degeneration {unknown}
 n - a potion of berserk rage {unknown}
 o - a potion of lignification {unknown}
Books
 j - a book of Changes

   Spells                             Type                      Level
   a - Beastly Appendage              Transmutation                1
   b - Sticks to Snakes               Transmutation                2
   c - Spider Form                    Transmutation/Poison         3
   d - Ice Form                       Ice/Transmutation            4
   e - Blade Hands                    Transmutation                5
Comestibles
 b - 4 bread rations
 k - 2 meat rations
 l - a royal jelly


   Skills:
 + Level 3.6 Fighting
 - Level 2.4 Dodging
 - Level 1.0 Stealth
 + Level 4.6 Unarmed Combat


You had 3 spell levels left.
You didn't know any spells.

Dungeon Overview and Level Annotations

Branches:
Dungeon (4/15)
 Temple: D:4-7

Altars:


Innate Abilities, Weirdness & Mutations

You are too large for most types of armour.
You have claws for hands.
Your metabolism is lightning-fast.
You like to eat raw meat.
Your natural rate of healing is unusually fast.
You are covered in fur. (AC +1)
You have very tough skin. (AC +2)


Message History

The electric eel shoots out a bolt of lightning at you!
The bolt of electricity hits you! x2
The electric eel shoots out a bolt of lightning at you!
The bolt of electricity misses you. The bolt of electricity hits you!
* * * LOW HITPOINT WARNING * * *
The bolt of electricity hits the plant.
There is an open door here.
An electric eel is nearby!
An electric eel is nearby!
An electric eel is nearby!
An electric eel is nearby!
An electric eel is nearby!
An electric eel is nearby!
An electric eel is nearby!
An electric eel is nearby!
An electric eel is nearby!
An electric eel is nearby!
The electric eel shoots out a bolt of lightning at you!
The bolt of electricity hits you!
You die...

.... ..... ...#.
..... ....
######....
#...#####......####
#...#.............#
#.....#....©......#
#...[<#.#######...##
###.###.#8...8#.....
... #.#P..@P#.#.#
### #.###'###.# #
....#;...;#.#
##..#≈...≈#.#
#..#≈...≈#.#
#..#≈.⌠.≈#.#
#..#≈...≈#.#
#..#≈...≈#.#
#..#≈...≈#.#


You could see 2 electric eels.

Vanquished Creatures
  5 adders (D:3)
  2 worms
  2 leopard geckos
  7 orcs (D:3)
  8 giant cockroaches
  4 goblins
  5 hobgoblins
  8 jackals
  7 kobolds
  9 bats
  7 frilled lizards
  4 rats
68 creatures vanquished.

Notes
Turn   | Place    | Note
-------+----------+-------------------------------------------
     0 | D:1      | grindst0ne the Troll Monk began the quest for the Orb.
     0 | D:1      | Reached XP level 1. HP: 22/22 MP: 0/0
   131 | D:1      | Reached XP level 2. HP: 29/29 MP: 1/1
   731 | D:2      | Reached XP level 3. HP: 34/36 MP: 2/2
   740 | D:2      | Reached skill level 4 in Unarmed Combat
  1638 | D:3      | Reached XP level 4. HP: 36/45 MP: 3/3
  1939 | D:3      | Found a faded altar of an unknown god.
  2634 | D:4      | Killed from afar by an electric eel

Vault maps used:
D:1:      dpeg_arrival_shelter
D:3:      mumra_celtic_spiral_tile, chequers_ecumenical_altar_island,
          serial_co_window_serial, co_window_paths_a, co_window_paths_b,
          co_window_paths_a, co_window_paths_b, co_window_paths_b,
          co_window_of_opportunity_b, co_window_unsneaky_path_a,
          co_window_corner_b, co_window_sun, co_window_paths_e, glass_columns_a,
          glass_columns_b, glass_columns_b, glass_columns_a, glass_columns_c,
          minmay_box_of_dots
D:4:      gammafunk_steamed_eel, lemuel_doored_altar

Skill      XL: |  1  2  3 |
---------------+----------+-----
Unarmed Combat | 4 |  4.6
Fighting       | 3 |  3.6
Dodging        | |  2.4
Stealth        | |  1.0

Action                   |  1- 3 |  4- 6 || total
-------------------------+-------+-------++-------
Melee: Unarmed           |   110 |    55 ||   165
 Stab: Sleeping          |     3 |     2 ||     5
  Eat: Chunk             |    19 |     7 ||    26
Armor: Robe              |    46 |    16 ||    62
Dodge: Dodged            |    92 |    28 ||   120
